 Dungeon Crawl Stone Soup version 0.25.0-10-g039870ee82 (webtiles) character file.

Game seed: 15219260386244378598

165543 Flugkiller the Severer (level 17, -3/168 HPs)
             Began as a Deep Dwarf Fighter on June 23, 2020.
             Was the Champion of Makhleb.
             Hit by a javelin thrown by a merfolk javelineer (4 damage)
             ... on level 4 of the Shoals.
             The game lasted 00:12:22 (13996 turns).

Flugkiller the Severer (Deep Dwarf Fighter)        Turns: 13996, Time: 00:12:22

Health: -3/168     AC: 29    Str: 30    XL:     17   Next: 3%
Magic:  1/9        EV: 12    Int:  5    God:    Makhleb [******]
Gold:   983        SH:  5    Dex: 18    Spells: 16/16 levels left

rFire    + . .     SeeInvis +   g - +10 battleaxe of Symmetry {flame, rPois Int-4 Dex+4}
rCold    . . .     Gourm    .   (shield currently unavailable)
rNeg     + . .     Faith    .   O - +1 plate armour "Adimpus" {rF+ Str+3 Dex+2} (curse)
rPois    +         Spirit   .   E - +0 helmet
rElec    +         Reflect  +   l - +2 cloak
rCorr    .         Harm     .   J - +2 pair of gloves "Nuffor" {rElec Regen+ SInv Stlth-}
MR       ++...                  H - +2 pair of boots {Fly}
Stlth    ..........             y - amulet of reflection
HPRegen  0.00/turn              (no ring)
MPRegen  0.11/turn              (no ring)

@: lethally poisoned (-3 -> -3), flying, non-regenerating, hasted, very quick
A: damage resistance, heal wounds, negative energy resistance 1, sense
surroundings 2, no regeneration
}: 1/15 runes: serpentine
a: Heal Wounds, Minor Destruction, Lesser Servant of Makhleb, Major Destruction,
Greater Servant of Makhleb, Renounce Religion, Stop Flying


You were on level 4 of the Shoals.
You worshipped Makhleb.
Makhleb was exalted by your worship.
You were not hungry.

You visited 5 branches of the dungeon, and saw 28 of its levels.
You also visited: Gauntlet.

You collected 983 gold pieces.

Inventory:

Hand Weapons
 g - the +10 battleaxe of Symmetry (weapon) {flame, rPois Int-4 Dex+4}
   (You found it on level 8 of the Dungeon)

   It has been specially enchanted to burn those struck by it, causing extra
   injury to most foes and up to half again as much damage against particularly
   susceptible opponents.
   Big, fiery blades are also staple armaments of hydra-hunters.
   It affects your intelligence (-4).
   It affects your dexterity (+4).
   It protects you from poison.
 P - a +1 broad axe of flaming
   (You took it off Donald on level 2 of the Shoals)
Missiles
 b - a throwing net (quivered)
Armour
 a - the +3 pair of gloves "Uraotut" {rPois MR+ rCorr Slay-2}
   (You found it on level 2 of the Lair of Beasts)

   It affects your accuracy and damage with ranged weapons and melee attacks
   (-2).
   It protects you from poison.
   It affects your resistance to hostile enchantments.
   It provides partial protection from all sources of acid and corrosion.
 c - a +0 kite shield
 l - a +2 cloak (worn)
   (You found it on level 1 of the Lair of Beasts)
 E - a +0 helmet (worn)
   (You found it on level 9 of the Dungeon)
 H - a +2 pair of boots of flying (worn)
   (You found it on level 4 of the Lair of Beasts)
 J - the +2 pair of gloves "Nuffor" (worn) {rElec Regen+ SInv Stlth-}
   (You found it in a Gauntlet)

   It insulates you from electricity.
   It lets you see invisible.
   It increases your rate of regeneration.
   It makes you less stealthy.
 O - the cursed +1 plate armour "Adimpus" (worn) {rF+ Str+3 Dex+2}
   (You took it off a minotaur in a Gauntlet)

   It affects your strength (+3).
   It affects your dexterity (+2).
   It protects you from fire.
   It has a curse placed upon it.
Jewellery
 p - the ring "Kuluuw" {Ice Str+7 Int+5 Slay-3}
   (You took it off a minotaur in a Gauntlet)

   [ring of ice]

   It enhances your ice magic.
   It affects your strength (+7).
   It affects your intelligence (+5).
   It affects your accuracy and damage with ranged weapons and melee attacks
   (-3).
   It makes you vulnerable to fire.
   It protects you from cold.
 y - an amulet of reflection (around neck)
   (You found it on level 8 of the Dungeon)
 M - the ring of Hiaruudass {rC- rN+ MR+ MP+9 Str+2}
   (You found it in a Gauntlet)

   [ring of magical power]

   It affects your strength (+2).
   It makes you vulnerable to cold.
   It protects you from negative energy.
   It affects your resistance to hostile enchantments.
   It affects your magic capacity (+9).
Wands
 k - a wand of iceblast (36)
   (You found it on level 2 of the Dungeon)
 v - a wand of digging (2)
   (You found it on level 2 of the Lair of Beasts)
 A - a wand of enslavement (30)
   (You found it on level 8 of the Dungeon)
Scrolls
 f - 4 scrolls of enchant weapon
 o - a scroll of torment {unknown}
 r - 2 scrolls of identify
 s - 3 scrolls of enchant armour
 t - 5 scrolls of teleportation
 x - 4 scrolls of remove curse
 z - 3 scrolls of blinking
 C - 2 scrolls of fear
 G - 2 scrolls of magic mapping
 L - a scroll of holy word
 N - a scroll of summoning
Potions
 d - 4 potions of might
 h - 6 potions of haste
 i - 4 potions of brilliance
 j - 2 potions of cancellation
 n - 2 potions of resistance
 q - 4 potions of curing
 u - 3 potions of lignification
 w - 3 potions of heal wounds
 B - a potion of invisibility {unknown}
 D - 2 potions of mutation
 K - a potion of stabbing {unknown}
 Q - a potion of berserk rage {unknown}
Miscellaneous
 I - a tin of tremorstones (3/3)
   (You found it on level 11 of the Dungeon)
Comestibles
 e - 42 rations
 m - 11 chunks of flesh


   Skills:
 * Level 14.7 Fighting
 * Level 18.3 Axes
 + Level 13.8 Armour
 + Level 6.3 Dodging
 - Level 7.9 Shields
 + Level 14.1 Invocations
 - Level 6.0 Evocations


You had 16 spell levels left.
You didn't know any spells.
Your spell library was empty.

Dungeon Overview and Level Annotations

Branches:
Dungeon (15/15)            Temple (1/1) D:5            Lair (4/6) D:8
 Shoals (4/4) Lair:2        Snake (4/4) Lair:3       Vaults (0/5) D:14
 Depths (0/5) D:15        Gauntlet (visited)
    Orc: D:9-12

Altars:
Ashenzari
Cheibriados
Dithmenos
Elyvilon
Fedhas
Gozag
Hepliaklqana
Kikubaaqudgha
Makhleb
Nemelex Xobeh
Okawaru
Qazlal
Ru
Sif Muna
Trog
Uskayaw
Vehumet
Wu Jian
Xom
Yredelemnul
Zin
The Shining One

Shops:
D:10 (   Snake:2 (

Portals:
Ice
Cave: D:14

Annotations:
D:8 3 runed translucent doors
Lair:1 exclusion: oklob plant
Lair:2 exclusion: oklob plant
Shoals:2 1 runed translucent door
Shoals:4 Ilsuiw


Innate Abilities, Weirdness & Mutations

You are resistant to damage.
You can heal yourself by infusing magical energy.
You resist negative energy. (rN+)
You passively map the area around you.
You do not regenerate.


Message History

The dream sheep shake their wool and sparkle.
You feel drowsy...
You fall asleep.
The merfolk aquamancer completely misses you.
The merfolk hits you but does no damage.
The merfolk impaler hits you from afar with a +1 vampiric trident!!!
You wake up.
* * * LOW HITPOINT WARNING * * *
The merfolk impaler hits you from afar with a +0 trident!
* * * LOW HITPOINT WARNING * * *
The merfolk siren chants a haunting song.
You resist with almost no effort.
The merfolk impaler hits you from afar with a +1 vampiric trident.
* * * LOW HITPOINT WARNING * * *
The alligator snapping turtle bites you!!
* * * LOW HITPOINT WARNING * * *
The merfolk hits you from afar with a +0 trident.
* * * LOW HITPOINT WARNING * * *
The merfolk javelineer throws a javelin.
The javelin pierces through you.
You die...

≈ ≈≈≈ ≈≈≈≈≈≈≈≈...## * , ≈
≈≈≈≈≈≈≈≈≈≈≈≈≈≈!...##'* ≈
≈≈..≈≈≈≈..≈≈≈≈......., , ,
≈..≈≈≈≈≈............., , ,,
≈≈...≈≈(≈≈(....C....)..., ,
, ,
≈≈..≈≈≈≈≈≈(...C?..Y.....,,
≈≈≈≈≈≈≈≈≈..(##..)).m.... ,,
, ≈≈≈≈≈≈≈≈.m.tS##.$.†....≈)
* ≈≈≈≈≈≈≈≈.#≈@Ym.Y.≈≈?≈≈≈≈≈
, ≈≈≈≈≈≈≈≈###m≈≈≈≈≈≈≈≈≈≈≈≈≈≈
,,,
.≈≈.≈≈≈≈.##mmm≈≈≈≈≈m≈≈≈≈≈ ≈
,
*.....≈≈≈≈)mmm..≈≈..≈≈≈≈≈≈≈≈
.?.≈≈≈≈≈≈EEm(≈..≈≈≈≈≈≈≈≈≈ ,
....≈≈≈§≈m≈H≈≈m.≈≈≈.≈≈≈≈≈
....≈≈≈)≈≈≈≈≈≈≈≈.≈..≈≈≈≈. ≈
....≈≈≈≈)≈≈≈≈≈k≈.≈..≈..≈≈ ≈≈
≈≈≈≈
≈..≈≈≈≈≈≈≈≈≈≈≈k..≈≈≈≈≈.≈≈


You could see Ilsuiw (invisible), an alligator snapping turtle, 3 merfolk
impalers, 3 merfolk javelineers, a sea snake, a merfolk aquamancer, a wind drake
(repels missiles), 3 merfolk, a manticore, a water elemental (summoned), a
merfolk siren and 2 dream sheep.

Vanquished Creatures
  4 nagarajas (Snake:4)
  Donald (Shoals:2)
  Azrael (Snake:2)
  A minotaur (Gauntlet)
  A merfolk javelineer (Shoals:4)
  A dire elephant (D:15)
  A yaktaur captain (D:15)
  Harold (D:11)
  12 naga warriors
  5 hydras
  A ghost crab (Gauntlet)
  A merfolk aquamancer (Shoals:4)
  13 anacondas
  4 two-headed ogres
  An alligator snapping turtle (Shoals:4)
  An ice dragon (D:15)
  2 ogre magi
  4 centaur warriors
  4 death yaks (Lair:2)
  6 naga sharpshooters
  3 shock serpents
  2 salamander mystics
  2 skeletal warriors
  7 sea snakes
  7 naga ritualists
  A deep elf archer (D:14)
  A wolf spider (D:15)
  4 harpies (Shoals:4)
  9 salamanders
  9 mana vipers
  5 manticores
  3 cyclopes
  A faun (Shoals:1)
  4 deep elf magi
  5 elephants (Lair:2)
  3 ugly things (D:14)
  Maurice (D:11)
  8 guardian serpents
  13 naga magi
  20 black mambas
  4 merfolk sirens
  2 gargoyles
  2 water nymphs
  An ice statue (Gauntlet)
  8 spiny frogs
  2 rime drakes
  Maggie (D:6)
  An efreet (D:14)
  3 komodo dragons
  2 ice devils (D:14)
  A queen bee (Lair:3)
  A troll (D:14)
  5 merfolk (Shoals:4)
  4 blink frogs (Lair:3)
  A snapping turtle (Lair:2)
  7 hippogriffs
  7 slime creatures
  3 dream sheep (Shoals:1)
  Sigmund (D:4)
  A redback (D:15)
  3 wyverns
  A water elemental (Shoals:4)
  25 yaks
  A wraith (D:13)
  Eustachio (D:6)
  4 hungry ghosts
  3 fire bats (Lair:2)
  3 basilisks
  5 fire elementals
  5 vampire mosquitoes (D:15)
  42 nagas
  An acid dragon (D:11)
  Edmund (D:4)
  7 hell hounds
  8 water moccasins
  Duvessa (D:7)
  8 porcupines
  4 orc warriors
  2 sky beasts
  5 ice beasts
  3 black bears
  A necrophage (D:7)
  7 ogres
  44 wolves
  A phantom (D:9)
  A boggart (D:14)
  8 centaurs
  9 crocodiles
  6 big kobolds
  6 bullfrogs
  Dowan (D:7)
  A wyvern skeleton (D:14)
  4 scorpions
  19 killer bees (Lair:3)
  4 wights (D:6)
  9 howler monkeys
  4 electric eels
  2 centaur zombies
  10 crimson imps
  3 jellies
  3 hounds
  5 orc wizards
  12 orc priests
  2 bullfrog skeletons
  6 iguanas
  Crazy Yiuf (D:4)
  6 centaur skeletons
  Ijyb (D:3)
  Natasha (D:3)
  8 worker ants
  A killer bee zombie (D:8)
  A hound skeleton (D:7)
  A howler monkey zombie (D:6)
  A worker ant zombie (D:5)
  A howler monkey skeleton (D:5)
  16 adders
  2 shadow imps
  An adder skeleton (D:7)
  A dart slug (D:1)
  2 leopard geckos (D:5)
  35 orcs
  2 ball pythons (Lair:3)
  3 giant cockroaches
  3 goblins
  5 hobgoblins
  24 jackals
  8 quokkas
  2 bats (D:2)
  4 frilled lizards
  9 kobolds
  A leopard gecko skeleton (D:6)
  A leopard gecko zombie (D:6)
  A rat (D:1)
  A fungus (Lair:4)
  4 plants
678 creatures vanquished.

Vanquished Creatures (collateral kills)
  A nagaraja (Snake:4)
  A naga sharpshooter (Snake:4)
  2 naga ritualists (Snake:4)
  3 sea snakes (Snake:4)
  2 guardian serpents (Snake:4)
  4 nagas (Snake:4)
13 creatures vanquished.

Vanquished Creatures (others)
  A merfolk siren (Shoals:4)
  A naga mage (Snake:3)
  A snapping turtle (Shoals:4)
  A naga (Snake:4)
  10 demonic plants (Gauntlet)
  3 fungi
  9 plants
26 creatures vanquished.

Grand Total: 717 creatures vanquished

Notes
Turn   | Place    | Note
-------+----------+-------------------------------------------
     0 | D:1      | Flugkiller the Deep Dwarf Fighter began the quest for the
                  | Orb.
     0 | D:1      | Reached XP level 1. HP: 20/20 MP: 1/1
   358 | D:1      | Reached XP level 2. HP: 21/27 MP: 2/2
   574 | D:2      | Found a shadowy altar of Dithmenos.
   581 | D:2      | Reached skill level 3 in Axes
   585 | D:2      | Reached XP level 3. HP: 22/34 MP: 3/3
   615 | D:2      | Found a bloodstained altar of Trog.
   736 | D:3      | Noticed Natasha
   747 | D:3      | Killed Natasha
   747 | D:3      | Reached XP level 4. HP: 17/42 MP: 4/4
   789 | D:3      | Noticed Ijyb
   832 | D:3      | Killed Ijyb
   868 | D:4      | Noticed Edmund
   869 | D:4      | Noticed Sigmund
   878 | D:4      | Reached skill level 4 in Axes
   878 | D:4      | Reached XP level 5. HP: 21/49 MP: 5/5
   880 | D:4      | Noticed an ogre
   894 | D:4      | Killed an ogre
   916 | D:4      | Killed Edmund
   916 | D:4      | Reached skill level 5 in Axes
   916 | D:4      | Reached XP level 6. HP: 25/57 MP: 4/4
   935 | D:4      | Killed Sigmund
   935 | D:4      | Reached XP level 7. HP: 5/64 MP: 5/5
  1038 | D:4      | Found a runed translucent door.
  1039 | D:4      | Noticed Crazy Yiuf
  1046 | D:4      | Killed Crazy Yiuf
  1046 | D:4      | Reached skill level 5 in Armour
  1046 | D:4      | Reached skill level 5 in Shields
  1411 | D:5      | Entered Level 5 of the Dungeon
  1421 | D:5      | Found a staircase to the Ecumenical Temple.
  1474 | Temple   | Entered the Ecumenical Temple
  1809 | D:5      | Reached skill level 6 in Axes
  2085 | D:5      | Found a shimmering altar of Xom.
  2316 | D:6      | Noticed Maggie
  2336 | D:6      | Killed Maggie
  2336 | D:6      | Reached skill level 7 in Axes
  2336 | D:6      | Reached XP level 8. HP: 73/73 MP: 5/5
  2402 | D:6      | Reached skill level 5 in Fighting
  2456 | D:6      | Found a shattered altar of Ashenzari.
  2500 | D:6      | Reached skill level 8 in Axes
  2514 | D:6      | Noticed Eustachio
  2537 | D:6      | Killed Eustachio
  2545 | D:6      | Found a radiant altar of Vehumet.
  2547 | D:6      | Found a blossoming altar of Fedhas.
  2630 | D:6      | Gained mutation: You passively map the area around you.
                  | [Deep Dwarf growth]
  2630 | D:6      | Reached XP level 9. HP: 33/81 MP: 6/6
  3004 | D:6      | Found a burning altar of Makhleb.
  3043 | D:6      | Found an ancient bone altar of Kikubaaqudgha.
  3109 | D:6      | Found a basalt altar of Yredelemnul.
  3112 | D:6      | Found a hide-covered altar of Uskayaw.
  3234 | D:7      | Reached skill level 9 in Axes
  3455 | D:6      | Became a worshipper of Makhleb the Destroyer
  3601 | D:7      | Found a shimmering blue altar of Sif Muna.
  3610 | D:7      | Reached skill level 1 in Invocations
  3728 | D:7      | Noticed Dowan
  3729 | D:7      | Noticed Duvessa
  3741 | D:7      | Killed Duvessa
  3743 | D:7      | Killed Dowan
  4240 | D:8      | Found a runed translucent gate.
  4240 | D:8      | Noticed a white ugly thing
  4240 | D:8      | Noticed a red ugly thing
  4241 | D:8      | Found a runed translucent gate.
  4241 | D:8      | Found a runed translucent gate.
  4241 | D:8      | Noticed a white ugly thing
  4241 | D:8      | Noticed a cyan ugly thing
  4241 | D:8      | Noticed a glowing orange brain
  4241 | D:8      | Noticed a green ugly thing
  4242 | D:8      | Noticed a red ugly thing
  4284 | D:8      | Found a staircase to the Lair.
  4288 | D:8      | Reached skill level 10 in Axes
  4409 | D:8      | Reached XP level 10. HP: 47/92 MP: 4/6
  4483 | D:8      | Reached * piety under Makhleb
  4637 | D:8      | Got a brightly glowing battleaxe
  4638 | D:8      | Identified the +10 battleaxe of Symmetry {flame, rPois
                  | Int-4 Dex+4} (You found it on level 8 of the Dungeon)
  5076 | D:9      | Noticed a two-headed ogre
  5092 | D:9      | Killed a two-headed ogre
  5179 | D:9      | Reached skill level 11 in Axes
  5246 | D:9      | Reached skill level 5 in Invocations
  5655 | D:9      | Reached ** piety under Makhleb
  5811 | D:10     | Entered Level 10 of the Dungeon
  5871 | D:10     | Noticed a gargoyle
  5880 | D:10     | Killed a gargoyle
  5899 | D:10     | Reached XP level 11. HP: 53/100 MP: 7/7
  6118 | Lair:1   | Entered Level 1 of the Lair of Beasts
  6163 | Lair:1   | Reached skill level 12 in Axes
  6170 | Lair:1   | Noticed an oklob plant
  6375 | Lair:1   | Reached *** piety under Makhleb
  6876 | Lair:2   | Found a transporter.
  6975 | Lair:2   | Reached skill level 13 in Axes
  6980 | Lair:2   | Noticed a death yak
  6981 | Lair:2   | Noticed a death yak
  6982 | Lair:2   | Noticed a death yak
  6993 | Lair:2   | Killed a death yak
  6993 | Lair:2   | Reached XP level 12. HP: 89/114 MP: 8/10
  6997 | Lair:2   | Killed a death yak
  6997 | Lair:2   | Reached skill level 10 in Armour
  6999 | Lair:2   | Killed a death yak
  7065 | Lair:2   | Noticed a death yak
  7080 | Lair:2   | Reached **** piety under Makhleb
  7084 | Lair:2   | Killed a death yak
  7320 | Lair:2   | Reached skill level 10 in Fighting
  7364 | Lair:2   | Found a transporter.
  7425 | Lair:2   | Noticed an eight-headed hydra
  7430 | Lair:2   | Killed a six-headed hydra
  7677 | Lair:2   | Found a staircase to the Shoals.
  7962 | Lair:3   | Reached skill level 14 in Axes
  8042 | Lair:3   | Found a staircase to the Snake Pit.
  8127 | Lair:3   | Reached ***** piety under Makhleb
  8343 | Lair:3   | Found a radiant altar of Vehumet.
  8377 | Lair:3   | Reached XP level 13. HP: 116/124 MP: 10/10
  8857 | Lair:2   | Reached skill level 10 in Invocations
  8863 | Lair:2   | Got a pair of jewelled gloves
  8871 | Lair:2   | Identified the +3 pair of gloves "Uraotut" {rPois MR+ rCorr
                  | Slay-2} (You found it on level 2 of the Lair of Beasts)
  9785 | D:10     | Found Uklaem's Weapon Shoppe.
  9832 | D:11     | Noticed Maurice
  9851 | D:11     | Killed Maurice
  9918 | D:11     | Got a pair of scorched gloves
  9919 | D:11     | Identified the cursed +0 pair of gloves of Resilience
                  | {rPois rF- rN+++ Stlth+} (You found it on level 11 of the
                  | Dungeon)
  9927 | D:11     | Reached skill level 15 in Axes
  9927 | D:11     | Gained mutation: You resist negative energy. (rN+) [Deep
                  | Dwarf growth]
  9927 | D:11     | Reached XP level 14. HP: 135/135 MP: 10/12
 10005 | D:11     | Noticed Harold
 10018 | D:11     | Killed Harold
 10061 | D:11     | Found a gate leading to a gauntlet.
 10110 | Gauntlet | Entered a Gauntlet
 10110 | Gauntlet | Found a transporter.
 10119 | Gauntlet | Found a transporter.
 10134 | Gauntlet | Found a transporter.
 10139 | Gauntlet | Found a transporter.
 10156 | Gauntlet | Found a transporter.
 10175 | Gauntlet | Found a transporter.
 10187 | Gauntlet | Found a transporter.
 10193 | Gauntlet | Found a transporter.
 10208 | Gauntlet | Found a transporter.
 10220 | Gauntlet | Found a transporter.
 10228 | Gauntlet | Found a large runed translucent door.
 10229 | Gauntlet | Found a large runed translucent door.
 10230 | Gauntlet | Found a large runed translucent door.
 10230 | Gauntlet | Found a large runed translucent door.
 10231 | Gauntlet | Found a runed translucent gate.
 10232 | Gauntlet | Found a transporter.
 10232 | Gauntlet | Found a runed translucent gate.
 10233 | Gauntlet | Found a runed translucent gate.
 10234 | Gauntlet | Found a large runed translucent door.
 10234 | Gauntlet | Found a large runed translucent door.
 10235 | Gauntlet | Found a large runed translucent door.
 10236 | Gauntlet | Found a large runed translucent door.
 10245 | Gauntlet | Found a large runed translucent door.
 10245 | Gauntlet | Found a large runed translucent door.
 10245 | Gauntlet | Found a runed translucent door.
 10245 | Gauntlet | Found a runed translucent door.
 10246 | Gauntlet | Found a large runed translucent door.
 10247 | Gauntlet | Found a large runed translucent door.
 10249 | Gauntlet | Found a transporter.
 10257 | Gauntlet | Found a large runed translucent door.
 10257 | Gauntlet | Found a large runed translucent door.
 10258 | Gauntlet | Found a large runed translucent door.
 10259 | Gauntlet | Found a large runed translucent door.
 10267 | Gauntlet | Found a transporter.
 10269 | Gauntlet | Found a transporter.
 10296 | Gauntlet | Found a transporter.
 10316 | Gauntlet | Found a transporter.
 10406 | Gauntlet | Found a transporter.
 10513 | Gauntlet | Found a transporter.
 10530 | Gauntlet | Got a pair of transparent gloves
 10543 | Gauntlet | Identified the +2 pair of gloves "Nuffor" {rElec Regen+
                  | SInv Stlth-} (You found it in a Gauntlet)
 10765 | Gauntlet | Got a bound granite ring
 10786 | Gauntlet | Identified the ring of Hiaruudass {rC- rN+ MR+ MP+9 Str+2}
                  | (You found it in a Gauntlet)
 10808 | Gauntlet | Identified the cursed +1 plate armour "Adimpus" {rF+ Str+3
                  | Dex+2}
 10808 | Gauntlet | Identified the ring "Kuluuw" {Ice Str+7 Int+5 Slay-3}
 11147 | D:14     | Reached skill level 5 in Evocations
 11187 | D:14     | Found a gate to the Vaults.
 11256 | D:14     | Found a frozen archway.
 11290 | D:15     | Entered Level 15 of the Dungeon
 11368 | D:15     | Reached XP level 15. HP: 119/146 MP: 11/11
 11372 | D:15     | Reached skill level 16 in Axes
 11389 | D:15     | Reached ****** piety under Makhleb
 11461 | D:15     | Found a staircase to the Depths.
 11762 | Snake:1  | Entered Level 1 of the Snake Pit
 11868 | Snake:2  | Found Laxaror's Antique Weapon Emporium.
 11926 | Snake:2  | Noticed Azrael
 11946 | Snake:2  | Killed Azrael
 12075 | Snake:3  | Reached skill level 1 in Dodging
 12190 | Snake:3  | Reached skill level 17 in Axes
 12501 | Snake:3  | Found a blossoming altar of Fedhas.
 12635 | Snake:4  | Entered Level 4 of the Snake Pit
 12713 | Snake:4  | Reached XP level 16. HP: 157/157 MP: 13/13
 13138 | Snake:4  | Reached skill level 5 in Dodging
 13227 | Snake:4  | Reached skill level 18 in Axes
 13243 | Snake:4  | Got a serpentine rune of Zot
 13531 | Shoals:1 | Entered Level 1 of the Shoals
 13727 | Shoals:2 | Noticed Donald
 13738 | Shoals:2 | Killed Donald
 13819 | Shoals:2 | Found a runed translucent door.
 13890 | Shoals:4 | Entered Level 4 of the Shoals
 13974 | Shoals:4 | Reached XP level 17. HP: 129/168 MP: 13/13
 13979 | Shoals:4 | Noticed Ilsuiw
 13996 | Shoals:4 | HP: 2/168 [alligator snapping turtle (26)]
 13996 | Shoals:4 | Hit by a javelin thrown by a merfolk javelineer

Illustrated notes

Levels and vault maps discovered:
D:1:      dpeg_arrival_solitude, layout_basic
D:2:      layout_basic, old_standard_altar, bloody_trog, first_ration,
          nicolae_tso_carved_into_rock
D:3:      layout_loops_ring, lightli_sewer_entry_pipes, elyvilon_altar_5,
          uniq_natasha, uniq_ijyb, uniq_jessica, uniq_grinder
D:4:      layout_rooms, chequers_mini_garden, kennysheep_small_square,
          uniq_sigmund, uniq_crazy_yiuf_cottage, uniq_edmund
D:5:      layout_basic, minmay_temple_entry_wispy, led_xom_imps
D:6:      layout_basic, kennysheep_little_box, nicolae_overflow_hidden_temple,
          cheibrodos_ashenzari_chains, minmay_misc_feat_enclosed, uniq_maggie,
          uniq_eustachio
D:7:      layout_basic, marbit_many_paths, minmay_tree_intersection,
          grunt_ogre_cave, uniq_duvessa
D:8:      layout_loops_ring, dpeg_oklobed_lair,
          ploomutoo_gammafunk_ghost_potion_laboratory
D:9:      layout_roguey
D:10:     layout_roguey, serial_shops, nicolae_shop_waterfront, shop_statue
D:11:     layout_cave_pools, gauntlet_entry_generic, serial_column_ruins,
          column_ruins_courtyard_long, column_ruins_grid_1,
          column_ruins_open_tiny, column_ruins_open_medium,
          column_ruins_open_tiny, uniq_harold, uniq_maurice
D:12:     layout_basic, serial_shops, kennysheep_mini
D:13:     layout_loops_ring, ebering_ghost_gozag, basic_altar, serial_shops,
          shop, fedhas_altar_3, uniq_kirke, uniq_sonja
D:14:     layout_cave_pools, hangedman_vaults_entry_quadrant_bands, zin_angel,
          portal_ice_cave_demonic_guard
D:15:     hangedman_depths_entry_try_elsewhere_first, layout_irregular_city,
          serial_shops, shop, shop, shop, shop, minivault_28
Temple:   minmay_temple_bridge_abc
Lair:1:   layout_cellular_growth, dpeg_stationary_puzzle, grunt_megastairs_2,
          infiniplex_staircase_pool, lemuel_fruit_tree, serial_bayou_shore_b
Lair:2:   gammafunk_cloud_chamber, layout_loops_ring, minmay_shoals_entry_hut,
          grunt_forest_large_clearings, grunt_megastairs_1,
          minmay_lair_oklob_chamber
Lair:3:   layout_gridlike, minmay_snake_entry_six_corridors, basic_altar,
          special_room [special_room_bee], beast_lair_carwin_1,
          serial_bayou_shore_a
Lair:4:   layout_gridlike
Shoals:1: layout_shoals, nicolae_shoals_water_shrine
Shoals:2: layout_shoals, ebering_ghost_reflecting_pool, uniq_donald
Shoals:3: layout_shoals
Shoals:4: shoals_end_simple, layout_shoals, shoals_ilsuiw_ice, uniq_polyphemus,
          uniq_louise
Snake:1:  layout_basic, uniq_aizul, uniq_agnes
Snake:2:  layout_gridlike, serial_shops, shop_statue, uniq_azrael
Snake:3:  nicolae_snakescales, layout_cave_shapes, basic_altar
Snake:4:  grunt_snake_rune_pools, layout_gridlike, grunt_ministairs_9,
          corexii_hall_statues_l, serial_bayou_lagoon_a,
          nicolae_snake_round_shape_thing

Skill      XL: |  1  2  3  4  5  6  7  8  9 10 11 12 13 14 15 16 |
---------------+-------------------------------------------------+-----
Axes           | 3 4 5 7 8 10 11 13 14 15 17 18 | 18.3
Fighting       | 3 4 5 6 7 9 10 11 12 13 14 | 14.7
Armour         | 4 5 6 7 8 9 10 11 12 13 | 13.8
Shields        | 4 5 6 7 |  7.9
Invocations    | 2 5 8 9 10 11 13 14 | 14.1
Evocations     | 3 5 6 |  6.0
Dodging        | 3 6 |  6.3

Action                   |  1- 3 |  4- 6 |  7- 9 | 10-12 | 13-15 | 16-18 || total
-------------------------+-------+-------+-------+-------+-------+-------++-------
Melee: War axe           |    93 |    72 |   463 |   103 |       |       ||   731
       Unarmed           |       |    19 |       |       |       |       ||    19
       Battleaxe         |       |       |       |   408 |   519 |   220 ||  1147
Invok: Lesser Servant of |       |       |       |       |       |     1 ||     1
       Greater Servant o |       |       |       |       |       |     1 ||     1
 Abil: Heal Wounds       |     1 |     8 |    19 |    16 |     6 |    10 ||    60
  Use: Potion            |       |     1 |       |       |     3 |     4 ||     8
       Scroll            |       |       |    11 |     2 |    10 |     2 ||    25
 Stab: Distracted        |       |       |       |       |       |     2 ||     2
  Eat: Chunk             |       |       |    13 |    11 |    10 |     2 ||    36
       Ration            |       |       |       |     2 |     3 |       ||     5
Armor: Scale mail        |    57 |    47 |   173 |       |       |       ||   277
       Skin              |       |     2 |       |       |       |       ||     2
       Chain mail        |       |       |    57 |   307 |   120 |       ||   484
       Plate armour      |       |       |       |       |   371 |   262 ||   633
Dodge: Dodged            |    30 |    40 |   153 |   205 |   258 |   170 ||   856
Block: Kite shield       |    69 |    70 |   280 |    43 |       |       ||   462
       Other             |       |       |       |    78 |   164 |    65 ||   307
       Reflection        |       |       |       |       |    17 |    10 ||    27
